 Dungeon Crawl Stone Soup version 0.25-a0-458-g6fc7858b95 (webtiles) character file.

Game seed: 16794142122383281819, levelgen mode: deterministic

6489 mcamara the Destroyer (level 10, 0/81 HPs)
             Began as a White Draconian Conjurer on Feb 1, 2020.
             Was a Priest of Makhleb.
             Slain by an orc warrior
             ... wielding a cursed -3 hand axe
              (19 damage)
             ... on level 11 of the Dungeon on Feb 2, 2020.
             The game lasted 02:29:18 (15250 turns).

mcamara the Destroyer (White Draconian Conjurer)   Turns: 15250, Time: 02:29:19

Health: 0/81       AC:  9    Str: 13    XL:     10   Next: 68%
Magic:  0/29       EV: 11    Int: 17    God:    Makhleb [***...]
Gold:   360        SH:  4    Dex: 11    Spells: 12/23 levels left

rFire    . . .     SeeInvis .   x - +3 dagger (elec)
rCold    + + .     Gourm    .   L - +1 buckler {rC+}
rNeg     . . .     Faith    .   (armour unavailable)
rPois    .         Spirit   .   (helmet restricted)
rElec    .         Reflect  .   (no cloak)
rCorr    .         Harm     .   (no gloves)
MR       .....                  e - +1 pair of boots
Stlth    ++........             (no amulet)
HPRegen  0.23/turn              q - ring of magical power
MPRegen  0.21/turn              (no ring)

@: very slightly contaminated
A: breathe frost, unfitting armour, cold resistance 1, cold-blooded, AC +7
a: Breathe Frost, Minor Destruction, Lesser Servant of Makhleb, Renounce
Religion


You were on level 11 of the Dungeon.
You worshipped Makhleb.
Makhleb was most pleased with you.
You were not hungry.

You visited 2 branches of the dungeon, and saw 12 of its levels.

You collected 624 gold pieces.
You spent 264 gold pieces at shops.

Inventory:

Hand Weapons
 f - a +0 spear
 x - a +3 dagger of electrocution (weapon)
 J - a +0 falchion of holy wrath
Missiles
 d - 290 stones
 j - 111 arrows
 l - 4 poisoned darts (quivered)
 P - a throwing net
Armour
 e - a +1 pair of boots (worn)
 L - a +1 buckler of cold resistance (worn)
Magical Staves
 s - an uncursed staff of air {unknown}
Jewellery
 q - a ring of magical power (left hand)
Wands
 n - a wand of enslavement (11)
 p - a wand of iceblast (4)
 z - a wand of disintegration (10)
 B - a wand of paralysis (14)
 F - a wand of random effects (16)
 G - a wand of scattershot (6)
 I - a wand of digging (3)
Scrolls
 g - 2 scrolls of immolation
 u - 3 scrolls of enchant armour
 w - 2 scrolls of fog
 y - a scroll of blinking {unknown}
 C - a scroll of remove curse {unknown}
 E - a scroll of identify
 H - 3 scrolls of enchant weapon
 N - a scroll of magic mapping
 O - a scroll of amnesia
Potions
 a - 2 potions of heal wounds
 c - 3 potions of curing
 h - 4 potions of lignification
 i - a potion of resistance {unknown}
 k - 2 potions of berserk rage
 m - 2 potions of mutation
 r - a potion of ambrosia {unknown}
 t - 2 potions of brilliance {unknown}
 v - a potion of cancellation
 A - 2 potions of might {unknown}
 D - 2 potions of agility {unknown}
 K - a potion of haste {unknown}
 M - 2 potions of flight {unknown}
Comestibles
 b - 5 rations
 o - 3 chunks of flesh


   Skills:
 + Level 5.2 Fighting
 + Level 7.2 Short Blades
 - Level 1.2 Polearms
 - Level 0.7 Throwing
 - Level 2.4 Dodging
 - Level 3.9 Stealth
 + Level 7.2 Spellcasting
 + Level 9.2 Conjurations
 - Level 5.3 Translocations
 - Level 2.6 Invocations
 - Level 2.0 Evocations


You had 12 spell levels left.
You knew the following spells:

 Your Spells              Type           Power        Failure   Level  Hunger
a - Magic Dart            Conj           ####         1%          1    None
b - Searing Ray           Conj           #####.       1%          2    None
c - Iskenderun's Mystic   Conj/Tloc      ####....     10%         4    ####...
d - Fulminant Prism       Conj/Hex       ###.......   28%         4    ####...

Your spell library contained the following spells:

 Spells                   Type           Power        Failure   Level  Hunger
 Dazzling Flash           Conj/Hex       ###...       9%          3    ##.....


Dungeon Overview and Level Annotations

Branches:
Dungeon (11/15)            Temple (1/1) D:6
   Lair: D:8-11         Orc: D:9-12

Altars:
Ashenzari
Cheibriados
Dithmenos
Elyvilon
Fedhas
Gozag
Hepliaklqana
Kikubaaqudgha
Makhleb
Nemelex Xobeh
Okawaru
Qazlal
Ru
Sif Muna
Trog
Uskayaw
Vehumet
Wu Jian
Xom
Yredelemnul
Zin
The Shining One

Shops:
D:7 [   D:10 *

Annotations:
D:2 exclusion: door
D:3 3 runed translucent doors, exclusion: 3 doors, Defined's ghost, weakling GnCj
D:4 exclusion: downstairs
D:6 exclusion: downstairs
D:8 exclusions: 2 electric eels and two-headed ogre


Innate Abilities, Weirdness & Mutations

You can breathe waves of freezing cold.
You can buffet flying creatures when you breathe cold.
Your icy white scales are hard. (AC +7)
You cannot fit into any form of body armour.
Your flesh is cold resistant. (rC+)
You are cold-blooded and may be slowed by cold attacks.


Message History

The searing ray hits the orc warrior but does no damage.
The searing ray hits the orc warrior.
The orc warrior is lightly wounded.
The orc warrior hits you but does no damage.
The searing ray hits the orc warrior!
The orc warrior is heavily wounded.
You finish channeling your searing ray.
The orc warrior closely misses you.
Casting: Searing Ray (safe; 1% risk of failure)
Confirm with . or Enter, or press ? or * to list all spells.
Aiming: Searing Ray (safe; 1% risk of failure)
Press: ? - help, Shift-Dir - straight line, f/p - orc warrior
Aim: an orc warrior, wielding a -3 hand axe and wearing a cursed +0 plate armour (heavily wounded)
The searing ray hits the orc warrior!
The orc warrior is almost dead. (Press . to maintain the ray.)
The orc warrior hits you with a cursed -3 hand axe!
* * * LOW HITPOINT WARNING * * *
Without enough magic to sustain it, your searing ray dissipates.
The orc warrior hits you with a cursed -3 hand axe!!
You die...

#..# ##.# #.#
# #.# ##.####
#.# .......###
#.# ..#......#
#.#
.........###.#
...(.()([oo@.#
.((...>#######
.......
.......
###.### #. #


You could see an orc warrior and an orc.

Vanquished Creatures
  A two-headed ogre (D:10)
  A troll (D:9)
  A merfolk (D:10)
  A wyvern (D:9)
  A wraith (D:10)
  3 yaks (D:10)
  A hungry ghost (D:8)
  A water moccasin (D:6)
  An ice beast (D:6)
  2 orc warriors
  4 sky beasts
  4 black bears
  6 ogres
  A necrophage (D:10)
  A phantom (D:8)
  A centaur (D:6)
  A big kobold (D:7)
  6 bullfrogs
  A wyvern skeleton (D:11)
  5 killer bees (D:10)
  11 wights
  2 electric eels (D:10)
  3 howler monkeys (D:8)
  5 crimson imps
  A bullfrog zombie (D:5)
  A quasit (D:8)
  3 jellies
  2 hounds
  5 orc wizards
  6 orc priests
  A bullfrog skeleton (D:10)
  2 centaur skeletons
  3 iguanas
  8 worker ants
  A hound skeleton (D:4)
  A howler monkey skeleton (D:6)
  12 adders
  2 shadow imps (D:6)
  5 adder skeletons
  3 worms
  3 dart slugs
  5 leopard geckos
  18 orcs
  6 giant cockroaches
  4 goblins
  3 hobgoblins (D:1)
  11 jackals
  6 quokkas
  3 ball pythons (D:2)
  6 bats
  5 frilled lizards
  11 kobolds
  A quokka skeleton (D:4)
  6 rats
208 creatures vanquished.

Vanquished Creatures (others)
  An orc (D:10)
  6 fulminant prisms
7 creatures vanquished.

Grand Total: 215 creatures vanquished

Notes
Turn   | Place    | Note
-------+----------+-------------------------------------------
     0 | D:1      | mcamara the Draconian Conjurer began the quest for the Orb.
     0 | D:1      | Reached XP level 1. HP: 14/14 MP: 3/3
   422 | D:1      | Reached XP level 2. HP: 20/20 MP: 3/5
   429 | D:1      | Learned a level 2 spell: Searing Ray
  1789 | D:2      | Reached XP level 3. HP: 26/26 MP: 0/6
  2058 | D:2      | Found a basalt altar of Yredelemnul.
  2972 | D:3      | Reached XP level 4. HP: 33/33 MP: 2/7
  3612 | D:3      | Found a runed translucent gate.
  3612 | D:3      | Found a runed translucent gate.
  3612 | D:3      | Found a runed translucent gate.
  3612 | D:3      | Noticed Defined's ghost (weakling GnCj)
  3612 | D:3      | Noticed a big kobold
  3612 | D:3      | Noticed a big kobold
  3631 | D:3      | Found an opulent altar of Gozag.
  3931 | D:4      | Reached skill level 5 in Conjurations
  4170 | D:4      | Reached skill level 1 in Polearms
  4355 | D:4      | Reached XP level 5. HP: 14/38 MP: 3/9
  4609 | D:4      | Noticed an ogre
  4626 | D:4      | Killed an ogre
  4849 | D:4      | Reached XP level 6. HP: 45/45 MP: 7/10
  5014 | D:4      | Found a burning altar of Makhleb.
  5121 | D:4      | Found a blossoming altar of Fedhas.
  5547 | D:5      | Entered Level 5 of the Dungeon
  5625 | D:5      | Reached skill level 6 in Conjurations
  5625 | D:5      | Your scales start taking on an icy white colour.
  5625 | D:5      | Reached XP level 7. HP: 46/51 MP: 12/12
  5625 | D:5      | Gained mutation: Your flesh is cold resistant. (rC+) [White
                  | Draconian growth]
  5743 | D:5      | Reached skill level 1 in Fighting
  5813 | D:5      | Reached skill level 1 in Short Blades
  6434 | D:6      | Reached skill level 1 in Evocations
  6525 | D:6      | Reached XP level 8. HP: 61/62 MP: 9/14
  6658 | D:6      | Found a staircase to the Ecumenical Temple.
  6669 | Temple   | Entered the Ecumenical Temple
  6964 | D:4      | Became a worshipper of Makhleb the Destroyer
  7633 | D:6      | Learned a level 4 spell: Iskenderun's Mystic Blast
  8159 | D:6      | Reached skill level 5 in Spellcasting
  8500 | D:7      | HP: 3/63 [orc warrior/+0 scimitar (17)]
  8502 | D:7      | Found a bloodstained altar of Trog.
  8846 | D:7      | Found Wesach's Antique Armour Shop.
  8868 | D:7      | Reached * piety under Makhleb
  8970 | D:7      | Reached skill level 7 in Conjurations
  8972 | D:7      | Reached skill level 1 in Translocations
  9367 | D:7      | Reached skill level 5 in Short Blades
  9367 | D:7      | Reached XP level 9. HP: 71/71 MP: 12/17
 10607 | D:8      | Noticed a two-headed ogre
 11710 | D:9      | Reached skill level 8 in Conjurations
 11720 | D:9      | Reached ** piety under Makhleb
 12332 | D:9      | Learned a level 4 spell: Fulminant Prism
 12433 | D:9      | Noticed a troll
 12449 | D:9      | Killed a troll
 12449 | D:9      | Reached XP level 10. HP: 62/78 MP: 17/20
 12823 | D:10     | Entered Level 10 of the Dungeon
 13513 | D:10     | Found Zejem's General Store.
 13526 | D:10     | Bought a +1 buckler of cold resistance for 264 gold pieces
 13639 | D:10     | Reached skill level 1 in Invocations
 13750 | D:10     | Noticed a two-headed ogre
 13761 | D:10     | Killed a two-headed ogre
 13761 | D:10     | Reached skill level 5 in Translocations
 13800 | D:10     | Reached skill level 9 in Conjurations
 13814 | D:10     | Reached *** piety under Makhleb
 14453 | D:11     | Noticed a brown ugly thing
 14528 | D:11     | Noticed a cyclops
 14852 | D:11     | Reached skill level 5 in Fighting
 14948 | D:11     | HP: 2/81 [acid (10)]
 15178 | D:11     | Noticed a manticore
 15250 | D:11     | Slain by an orc warrior

Levels and vault maps discovered:
D:1:      minmay_arrival_doors, layout_basic
D:2:      layout_basic, yredelemnul_forgotten_temple_becter
D:3:      layout_loops_ring, lemuel_coloured_pillars_altar,
          gammafunk_ghost_nasty_kobolds
D:4:      layout_gridville, marbit_many_paths, first_ration,
          kennysheep_another_room, fedhas_altar_4
D:5:      layout_rooms
D:6:      layout_loops_corners, minmay_temple_entry_statues
D:7:      layout_cave_pools, trog_ov_bears_minmay, serial_shops,
          kennysheep_mini_moat
D:8:      layout_loops_corners, water_maze_lemuel
D:9:      layout_big_octagon
D:10:     layout_basic, serial_shops, shop, hangedman_fish_farm
D:11:     layout_loops_ring, lair_entry_dummy, orc_0_dummy
Temple:   eino_narrow_crystal_temple

Skill      XL: |  1  2  3  4  5  6  7  8  9 10 |
---------------+-------------------------------+-----
Dodging        | 2 |  2.4
Stealth        | 2 3 |  3.9
Conjurations   | 5 6 7 8 9 |  9.2
Polearms       | 1 |  1.2
Spellcasting   | 3 4 5 6 7 |  7.2
Fighting       | 2 3 5 |  5.2
Short Blades   | 2 5 6 7 |  7.2
Evocations     | 1 2 |  2.0
Translocations | 1 4 5 |  5.3
Invocations    | 2 |  2.6
Throwing       | |  0.7

Action                   |  1- 3 |  4- 6 |  7- 9 | 10-12 || total
-------------------------+-------+-------+-------+-------++-------
Melee: Unarmed           |     1 |       |       |       ||     1
       Spear             |    11 |     1 |       |       ||    12
       Dagger            |       |     8 |   117 |    28 ||   153
       Tailslap          |       |     1 |    13 |     2 ||    16
Throw: Dart              |     7 |    22 |   117 |    42 ||   188
 Cast: Magic Dart        |    72 |    44 |    31 |    14 ||   161
       Searing Ray       |     6 |    16 |    59 |    28 ||   109
       Iskenderun's Myst |       |       |     2 |     3 ||     5
       Fulminant Prism   |       |       |       |     6 ||     6
Invok: Minor Destruction |       |       |       |     1 ||     1
 Abil: Breathe Frost     |       |       |     4 |     3 ||     7
  Use: Scroll            |       |     7 |     9 |     1 ||    17
       Potion            |       |       |       |     3 ||     3
 Stab: Sleeping          |       |       |     2 |       ||     2
       Distracted        |       |       |     1 |       ||     1
  Eat: Chunk             |     5 |     2 |     6 |     3 ||    16
       Ration            |     1 |     2 |     6 |     2 ||    11
Armor: Skin              |    20 |     6 |    68 |    18 ||   112
Dodge: Dodged            |    25 |    10 |    97 |    38 ||   170
Block: Buckler           |       |       |       |     7 ||     7

Table legend:
 A = Non-vault XP
 B = Vault XP
 C = Vault XP percentage of total XP
 D = Non-vault monster count
 E = Vault monster count
 F = Vault count percentage of total count
                 A         B        C        D         E       F
            +---------+---------+-------+---------+---------+-------
      Total |    8731 |     539 |   5.8 |     205 |       4 |   1.9
            +---------+---------+-------+---------+---------+-------
        D:1 |      31 |       0 |   0.0 |      18 |       0 |   0.0
        D:2 |      53 |       0 |   0.0 |      17 |       0 |   0.0
        D:3 |      47 |       0 |   0.0 |      17 |       0 |   0.0
        D:4 |     591 |       3 |   0.5 |      19 |       1 |   5.0
        D:5 |     396 |       0 |   0.0 |      11 |       0 |   0.0
        D:6 |    1013 |       0 |   0.0 |      24 |       0 |   0.0
        D:7 |     689 |     250 |  26.6 |      19 |       2 |   9.5
        D:8 |     791 |       0 |   0.0 |      15 |       0 |   0.0
        D:9 |    1903 |       0 |   0.0 |      27 |       0 |   0.0
       D:10 |    2575 |     286 |  10.0 |      29 |       1 |   3.3
       D:11 |     642 |       0 |   0.0 |       9 |       0 |   0.0
            +---------+---------+-------+---------+---------+-------
